 Dungeon Crawl Stone Soup version 0.26.1-11-gd32895ea62 (webtiles) character file.

Game seed: 16479147172726580459

1529 solopath the Geomancer (level 9, -16/62 HPs)
             Began as a Formicid Earth Elementalist on Apr 27, 2021.
             Killed from afar by Maggie (31 damage)
             ... with a bolt of fire
             ... on level 6 of the Dungeon.
             The game lasted 00:19:17 (6763 turns).

solopath the Geomancer (FoEE)                       Turns: 6763, Time: 00:19:19

Health: -16/62     AC:  5    Str: 13 (14) XL:     9   Next: 10%
Magic:  14/14      EV: 16    Int: 16 (17) God:
Gold:   285        SH:  0    Dex: 14 (15) Spells: 7/15 levels left

rFire    . . .     SeeInvis +   a - +2 dagger (venom)
rCold    . . .     Faith    .   (no shield)
rNeg     . . .     Spirit   .   c - +0 robe
rPois    .         Reflect  .   (helmet unavailable)
rElec    .         Harm     .   (no cloak)
rCorr    .         Rampage  .   e - +0 pair of gloves
Will     .....                  (no boots)
Stlth    ++++......             i - amulet of magic regeneration
HPRegen  0.20/turn              g - +4 ring of evasion
MPRegen  0.39/turn              (no ring)

@: mesmerised
A: permanent stasis, dig shafts and tunnels, four strong arms, antennae 3, thin
skeletal structure 1, yellow scales 1, agile 1
a: Dig, Shaft Self


You were on level 6 of the Dungeon.
You visited 1 branch of the dungeon, and saw 6 of its levels.

You collected 285 gold pieces.

Inventory:

Hand Weapons
 a - a +2 dagger of venom (weapon)
 l - a +4 falchion of electrocution
Missiles
 b - 210 stones
 f - 8 boomerangs
Armour
 c - a +0 robe (worn)
 e - a +0 pair of gloves (worn)
 u - a +0 buckler
Jewellery
 g - a +4 ring of evasion (left hand)
 i - an amulet of magic regeneration (around neck)
Wands
 r - a wand of digging (4)
Scrolls
 d - a scroll of fog {unknown}
 h - 2 scrolls of teleportation
 q - 3 scrolls of remove curse
Potions
 j - 2 potions of curing
 n - a potion of flight {unknown}
 p - a potion of degeneration
 s - a potion of mutation
 t - a potion of brilliance


   Skills:
 + Level 2.5 Fighting
 + Level 0.0 Long Blades
 - Level 1.7 Dodging
 - Level 6.1 Stealth
 + Level 3.5 Shields
 + Level 3.8 Spellcasting
 - Level 4.3 Transmutations
 - Level 9.4 Earth Magic


You had 7 spell levels left.
You knew the following spells:

 Your Spells              Type           Power        Failure   Level
a - Sandblast             Erth           66%          1%          1
b - Passwall              Tmut/Erth      20%          1%          2
c - Petrify               Tmut/Erth      25%          10%         4
d - Animate Skeleton      Necr           6%           17%         1

Your spell library contained the following spells:

 Spells                   Type           Power        Failure   Level
 Stone Arrow              Conj/Erth      36%          8%          3
 Lee's Rapid Deconstruct  Erth           16%          10%         5
 Pain                     Necr           12%          17%         1
 Confusing Touch          Hex            3%           45%         3
 Gell's Gravitas          Tloc           1%           45%         3
 Vampiric Draining        Necr           1%           45%         3
 Animate Dead             Necr           1%           86%         4
 Yara's Violent Unravell  Hex/Tmut       5%           89%         5
 Agony                    Necr           3%           99%         5
 Metabolic Englaciation   Hex/Ice        1%           99%         5


Dungeon Overview and Level Annotations

Branches:
Dungeon (6/15)
 Temple: D:4-7

Altars:
Ashenzari
Ru
Trog
Yredelemnul

Annotations:
D:3 2 transporters, acdeimund's ghost, novice DrCj
D:6 Maggie; Prince Ribbit


Innate Abilities, Weirdness & Mutations

You cannot be hasted, slowed, berserked, paralysed or teleported.
You can dig through walls and to a lower floor.
Your four strong arms can wield two-handed weapons with a shield.
You have a pair of large antennae on your head. (SInv)
You have a somewhat thin skeletal structure. (Dex +2, Stealth)
You are partially covered in yellow scales. (AC +2)
You are agile. (Dex +2)


Message History

Maggie misses you. The leopard gecko closely misses you.
You hit Maggie but do no damage.
Maggie is severely wounded.
The bullfrog hits you.
* * * LOW HITPOINT WARNING * * *
The leopard gecko bites you but does no damage.
Unknown command.
You hit the leopard gecko.
You kill the leopard gecko!
The bullfrog hits you but does no damage.
Maggie hits you but does no damage. The bullfrog completely misses you.
Unknown command.
You barely miss Maggie.
Maggie is almost dead.
The bullfrog misses you.
Maggie says, "Did Master Lance send you?"
Maggie points at you and mumbles some strange words.
The bolt of fire hits you!!
Ouch! That really hurt!
You die...

.... ###.?.?.... ....
.....?....... .....
............ .....
.......... ......
#.#./....
......##.#....#######
......@†.............
......#@..........##
......F............#
##.###.............#
#...#..........##
#.$..##...........#
##... #.....)...††#
F....
##........#.####
..##.#
..............#. ##
#. .#..$.......##...


You could see Maggie (mesmerising, resistant, very poisoned) and a bullfrog.

Vanquished Creatures
  Grinder (D:5)
  Sigmund (D:4)
  A sky beast (D:5)
  2 ice beasts (D:5)
  An ogre (D:4)
  4 scorpions
  A howler monkey (D:5)
  A hound (D:6)
  A jelly (D:4)
  An orc wizard (D:4)
  A gnoll shaman (D:5)
  An orc priest (D:4)
  A bullfrog skeleton (D:5)
  An iguana (D:5)
  Ijyb (D:4)
  3 worker ants
  Robin (D:4)
  8 gnolls
  6 adders
  An ooze (D:2)
  An adder skeleton (D:4)
  4 worms
  A dart slug (D:4)
  6 leopard geckos
  6 orcs
  A ball python (D:4)
  4 bats
  6 giant cockroaches
  11 hobgoblins
  11 jackals
  2 quokkas (D:3)
  7 frilled lizards
  14 goblins
  10 kobolds
  10 rats
132 creatures vanquished.

Vanquished Creatures (others)
  A fungus (D:6)
1 creature vanquished.

Grand Total: 133 creatures vanquished

Notes
Turn   | Place    | Note
-------+----------+-------------------------------------------
     0 | D:1      | solopath the Formicid Earth Elementalist began the quest
                  | for the Orb.
     0 | D:1      | Reached XP level 1. HP: 13/13 MP: 3/3
   103 | D:1      | Reached XP level 2. HP: 14/19 MP: 5/5
   188 | D:1      | Reached skill level 4 in Earth Magic
   387 | D:1      | Reached XP level 3. HP: 24/24 MP: 6/6
  1458 | D:2      | Reached XP level 4. HP: 30/30 MP: 3/7
  1657 | D:2      | Reached skill level 5 in Earth Magic
  1976 | D:2      | Reached XP level 5. HP: 35/35 MP: 8/8
  1991 | D:2      | Learned a level 2 spell: Passwall
  1996 | D:2      | Learned a level 4 spell: Petrify
  2529 | D:3      | Found a transporter.
  2538 | D:3      | Noticed acdeimund's ghost (novice DrCj)
  2556 | D:3      | Found a transporter.
  3396 | D:4      | Learned a level 1 spell: Animate Skeleton
  3432 | D:4      | Noticed an ogre
  3436 | D:4      | Killed an ogre
  3437 | D:4      | Reached skill level 6 in Earth Magic
  3437 | D:4      | Reached XP level 6. HP: 39/41 MP: 5/9
  3548 | D:4      | Noticed Sigmund
  3560 | D:4      | Killed Sigmund
  3561 | D:4      | Reached skill level 5 in Stealth
  3561 | D:4      | Reached skill level 7 in Earth Magic
  3561 | D:4      | Reached XP level 7. HP: 16/46 MP: 2/10
  3888 | D:4      | Noticed Ijyb
  3907 | D:4      | Killed Ijyb
  3985 | D:4      | Found a bloodstained altar of Trog.
  3989 | D:4      | Found a sacrificial altar of Ru.
  3994 | D:4      | Found a basalt altar of Yredelemnul.
  4597 | D:4      | Noticed Robin
  4636 | D:4      | Killed Robin
  5105 | D:4      | Reached XP level 8. HP: 48/52 MP: 11/11
  5236 | D:4      | Found a broken altar of Ashenzari.
  5323 | D:5      | Entered Level 5 of the Dungeon
  5323 | D:5      | Noticed Grinder
  5332 | D:5      | Killed Grinder
  5333 | D:5      | Reached skill level 1 in Shields
  5333 | D:5      | Reached skill level 8 in Earth Magic
  5623 | D:5      | Reached skill level 1 in Fighting
  5972 | D:5      | Reached skill level 9 in Earth Magic
  5987 | D:5      | HP: 1/55 [ice beast (9)]
  6276 | D:5      | Reached XP level 9. HP: 61/61 MP: 11/14
  6350 | D:5      | Gained mutation: You are agile. (Dex +2) [potion of
                  | mutation]
  6350 | D:5      | Gained mutation: You have a somewhat thin skeletal
                  | structure. (Dex +2, Stealth) [potion of mutation]
  6350 | D:5      | Gained mutation: You are partially covered in yellow
                  | scales. (AC +2) [potion of mutation]
  6738 | D:6      | Noticed Maggie
  6744 | D:6      | Noticed Prince Ribbit
  6763 | D:6      | Killed from afar by Maggie

Illustrated notes

Levels and vault maps discovered:
D:1:      elethiomel_arrival_infinity_welcomes_careful_drivers, layout_basic
D:2:      layout_basic
D:3:      kennysheep_big_flooded_room, layout_basic, gammafunk_ghost_stat_death
D:4:      layout_gridville, minmay_overflow_temple_star_quad,
          ashenzari_conservatory_becter, minmay_between, uniq_robin, uniq_ijyb,
          uniq_sigmund
D:5:      layout_loops_corners, uniq_grinder
D:6:      layout_rooms, serial_shops, shop, gup_sewer_entry_glass,
          uniq_eustachio, uniq_prince_ribbit1, uniq_maggie,
          uniq_crazy_yiuf_cottage

Skill      XL: |  1  2  3  4  5  6  7  8 |
---------------+-------------------------+-----
Earth Magic    | 4 5 6 7 9 |  9.4
Stealth        | 3 4 5 6 |  6.1
Transmutations | 2 3 4 |  4.3
Shields        | 3 |  3.5
Spellcasting   | 3 |  3.8
Fighting       | 2 |  2.5
Dodging        | |  1.7

Action                   |  1- 3 |  4- 6 |  7- 9 || total
-------------------------+-------+-------+-------++-------
Melee: Dagger            |    69 |    26 |    96 ||   191
       Rapier            |       |    64 |    59 ||   123
       Falchion          |       |       |    16 ||    16
 Cast: Sandblast         |    20 |    31 |    49 ||   100
       Animate Skeleton  |       |     2 |     1 ||     3
       Petrify           |       |       |     2 ||     2
  Use: Scroll            |     1 |       |     8 ||     9
       Potion            |       |       |     5 ||     5
 Stab: Sleeping          |     5 |     9 |     7 ||    21
       Petrified         |       |       |    12 ||    12
       Distracted        |       |       |     1 ||     1
Armor: Robe              |    13 |    22 |    34 ||    69
Dodge: Dodged            |    38 |    57 |   125 ||   220
       Rpst.: Falchion   |       |       |     5 ||     5
